 Dungeon Crawl Stone Soup version 0.31-a0-963-ga325b2283a (webtiles) character file.

Game seed: 10772125171426037017

85 Strat the Trooper (level 4, -5/40 HPs)
             Began as a Hill Orc Gladiator on Oct 25, 2023.
             Killed by nerve-wracking pain
             ... invoked by an orc priest
              (11 damage)
             ... on level 3 of the Dungeon.
             The game lasted 00:02:45 (1798 turns).

Strat the Trooper (Hill Orc Gladiator)              Turns: 1798, Time: 00:02:46

Health: -5/40      AC:  9    Str: 18    XL:     4   Next: 48%
Magic:  4/4        EV:  8    Int:  8    God:
Gold:   127        SH:  0    Dex: 12    Spells: 3/3 levels left

rFire   . . .        a - +0 flail
rCold   . . .        (no shield)
rNeg    . . .        p - +0 chain mail
rPois   .            c - +0 helmet
rElec   .            (no cloak)
rCorr   .            (no gloves)
SInv    .            (no boots)
Will    .....        (no amulet) Stlth
                     (no ring)
HPRegen 0.26/turn    (no ring)
MPRegen 0.09/turn

%: no passive effects
@: no status effects
A: no striking features
a: Convert to Beogh


You were on level 3 of the Dungeon.
You visited 1 branch of the dungeon, and saw 3 of its levels.

You collected 127 gold pieces.

Inventory:

Hand Weapons
 a - a +0 flail (weapon)
Missiles
 d - 3 throwing nets (quivered)
 e - 6 javelins
Armour
 b - a +0 leather armour
 c - a +0 helmet (worn)
 p - a +0 chain mail (worn)
Scrolls
 f - 4 scrolls of identify {unknown}
 h - a scroll of fog {unknown}
 j - a scroll of revelation {unknown}
 k - a scroll of blinking {unknown}
 l - a scroll of teleportation {unknown}
 m - a scroll of poison {unknown}
 n - a scroll of noise {unknown}
 o - a scroll of immolation {unknown}
Potions
 g - 3 potions of curing {unknown}
 i - 2 potions of degeneration {unknown}


   Skills:
 * Level 4.2 Fighting
 - Level 3.2 Maces & Flails
 + Level 2.5 Throwing
 + Level 2.0 Armour
 - Level 2.4 Dodging


You had 3 spell levels left.
You didn't know any spells.
Your spell library contained the following spells:

 Spells                   Type           Power      Damage    Failure   Level
 Magic Dart               Conj           0%         1d3       99%         1
 Slow                     Hex            0%         N/A       99%         1
 Searing Ray              Conj           0%         2d4       100%        2
 Confusing Touch          Hex            0%         N/A       100%        3
 Sigil of Binding         Hex            0%         N/A       100%        3
 Vampiric Draining        Necr           0%         2d6       100%        3
 Fulminant Prism          Conj/Hex       0%         3d5       100%        4


Dungeon Overview and Level Annotations

Branches:
Dungeon (3/15)

Altars:


Message History

The orc priest hits you with a +0 mace.
* * * LOW HITPOINT WARNING * * *
The orc hits you but does no damage.
You hit the orc but do no damage. The orc priest barely misses you.
The orc closely misses you.
Unknown command.
You completely miss the orc priest.
The orc priest is heavily wounded.
The orc priest shouts, "Beogh is our master!
Accept the truth or die!"
The orc priest invokes the aid of Beogh against you.
Beogh smites you!
* * * LOW HITPOINT WARNING * * *
You barely miss the orc priest.
The orc priest is heavily wounded.
The orc priest hits you but does no damage. x2
You hit the orc priest but do no damage.
The orc priest is heavily wounded.
A frilled lizard comes into view.
The orc priest closely misses you.
You barely miss the orc priest.
The orc priest is heavily wounded.
The frilled lizard hisses angrily.
The orc priest hits you with a +0 mace.
* * * LOW HITPOINT WARNING * * *
You barely miss the orc priest.
The orc priest shouts, "Surrender to Beogh and we'll let you live!"
The orc priest is heavily wounded.
The orc priest hits you with a +0 mace.
* * * LOW HITPOINT WARNING * * *
You hit the orc priest but do no damage.
The orc priest is heavily wounded.
The orc priest closely misses you.
You completely miss the orc priest.
The orc priest is heavily wounded.
The orc priest mumbles some strange prayers to Beogh against you.
Beogh smites you!
* * * LOW HITPOINT WARNING * * *
The orc priest mumbles some strange prayers to Beogh against you.
Pain shoots through your body!
You die...

#........ .? o.......$.. .#
......$..# .. ....##...#....#
###.. #.....#..?..# #...
####!...# ##..#
####.†)..#.#######...#
##....###o........#...#
######......@oo..###.#.....##
####...[..#######l..#
#......... #....####.#
#.#.###.#.#..##. ##........##
#.#.........###. #####.....#
## #.......##.## ##
##.....###....###.#.###..#.##
# ##.>#####
###........##.....## # #..##
......#..........# # ..##
###.....##.##.#.#.....#


You could see an orc priest, an orc wizard, an orc and a frilled lizard.

Vanquished Creatures
  3 adders
  2 dart slugs
  An orc (D:3)
  5 ball pythons
  5 endoplasms
  4 goblins
  7 hobgoblins
  6 jackals
  3 kobolds
  5 bats
  4 frilled lizards
  5 rats
50 creatures vanquished.

Notes
Turn   | Place    | Note
-------+----------+-------------------------------------------
     0 | D:1      | Strat the Hill Orc Gladiator began the quest for the Orb.
     0 | D:1      | Reached XP level 1. HP: 18/18 MP: 1/1
   148 | D:1      | Reached XP level 2. HP: 25/25 MP: 2/2
   185 | D:1      | Reached skill level 3 in Fighting
   371 | D:1      | Reached skill level 1 in Armour
   448 | D:1      | Found a faded altar of an unknown god.
   839 | D:2      | Reached XP level 3. HP: 29/31 MP: 3/3
  1487 | D:3      | Reached skill level 4 in Fighting
  1487 | D:3      | Reached XP level 4. HP: 16/40 MP: 4/4
  1798 | D:3      | Killed from afar by an orc priest

Illustrated notes

Levels and vault maps discovered:
D:1:      ncdulo_wetmaze, layout_basic, shapermc_ecumenical_altar_acropolis,
          minmay_misc_feat_four_crosses, serial_bayou_pond_a
D:2:      minmay_diamond_boxcup, layout_rooms, st_stairs_9, chequers_jeans
D:3:      layout_rooms

Skill      XL: |  1  2  3  4 |
---------------+-------------+-----
Throwing       | 2 |  2.5
Fighting       | 3 4 |  4.2
Armour         | 1 2 |  2.0
Maces & Flails | |  3.2
Dodging        | |  2.4

Action                     |  1- 3 |  4- 6 || total
---------------------------+-------+-------++-------
  Melee: Flail             |   145 |    32 ||   177
 Armour: Leather armour    |    91 |     4 ||    95
         Chain mail        |       |     9 ||     9
  Dodge: Dodged            |   104 |    24 ||   128

Table legend: (Time is in decaauts)
 A = Elapsed time spent in this place.
 B = Non-inter-level travel time spent in this place.
 C = Inter-level travel time spent in this place.
 D = Time resting spent in this place.
 E = Time spent auto-exploring this place.
 F = Levels seen in this place.
 G = Mean time per level.
                   A        B        C        D        E       F      G
               +--------+--------+--------+--------+--------+-----+--------+
         Total |   1850 |   1806 |     44 |      2 |   1385 |   3 |  616.7 |
       Dungeon |   1850 |   1806 |     44 |      2 |   1385 |   3 |  616.7 |
               +--------+--------+--------+--------+--------+-----+--------+

Top non-repeatable levels by time:
     D:1: 859 daAuts
     D:2: 656 daAuts
     D:3: 335 daAuts
